Map: Оксид РВ

Players

Opponent

  • Race: Terran Terran
  • League: Diamond

Kantara - Winner!

  • Race: Protoss Protoss
  • League: Diamond

VOD

Have the link to the VOD?

Description

Time

  • Played on: July 5, 2021, 10:50 a.m.
  • Length: 22:58
Show
View Real Time Build Order
Export as new Build Order

Opponent Terran 

Build Orders: Reaper Expand 

Get SALT Encoding   

  12  0:00  SCV  
  13  0:13  SCV  
  14  0:17  Supply Depot  
  14  0:25  SCV  
  15  0:39  SCV  
  16  0:43  Barracks  
  16  0:47  Refinery  
  16  0:51  SCV  
  17  1:03  SCV  
  18  1:23  SCV  
  19  1:35  Orbital Command  
  19  1:37  Reaper  
  20  1:48  Command Center  
  20  1:55  Supply Depot  
  20  2:01  SCV  
  21  2:08  Marine  
  21  2:13  SCV  
  23  2:23  Bunker  
  23  2:27  Factory  
  23  2:28  SCV  
  24  2:30  Barracks Reactor  
  24  2:33  Refinery  
  24  2:41  SCV  
  25  2:53  SCV  
  25  2:56  Supply Depot  
  26  3:03  Orbital Command  
  26  3:05  SCV  
  27  3:07  Marine x2  
  29  3:13  Starport  
  29  3:15  Widow Mine  
  29  3:17  SCV  
  32  3:27  Marine x2  
  32  3:29  SCV  
  35  3:36  SCV  
  35  3:40  Widow Mine  
  38  3:41  SCV  
  38  3:45  Marine x2  
  38  3:48  SCV  
  42  3:52  Medivac, Supply Depot  
  44  3:56  SCV  
  44  4:00  SCV  
  46  4:02  Marine  
  46  4:03  Marine  
  46  4:08  Widow Mine, SCV  
  51  4:12  SCV  
  52  4:18  Command Center  
  52  4:20  SCV  
  52  4:22  Marine x2  
  55  4:24  SCV  
  56  4:31  Starport Tech Lab, Factory Tech Lab  
  56  4:33  SCV  
  56  4:36  SCV  
  58  4:46  SCV  
  58  4:48  Marine x2, Supply Depot  
  58  4:49  SCV, Supply Depot  
  62  5:01  Supply Depot  
  62  5:07  Refinery  
  62  5:09  Refinery, SCV x2, Cyclone, Viking  
  62  5:10  Marine  
  62  5:11  Marine  
  62  5:12  Engineering Bay  
  71  5:21  SCV x2  
  71  5:25  Barracks  
  71  5:26  Barracks  
  73  5:33  SCV x2  
  76  5:44  Viking, Marine, Siege Tank  
  76  5:45  SCV, Orbital Command, Marine  
  76  5:46  SCV  
  84  5:50  Terran Infantry Weapons Level 1  
  84  5:54  Supply Depot  
  84  5:58  SCV x2  
  84  6:07  Missile Turret  
  84  6:10  SCV  
  84  6:11  Marine x2  
  86  6:12  Missile Turret  
  86  6:15  SCV  
  88  6:32  Barracks, Combat Shield, Marauder x2, Stimpack  
  92  6:33  Factory Reactor  
  92  6:34  Barracks, Starport Reactor  
  92  6:35  SCV, Marine x2  
  92  6:38  Orbital Command  
  95  6:53  SCV, Marine x2  
  100  6:54  Marauder  
  100  7:03  Supply Depot  
  100  7:04  Supply Depot  
  100  7:05  Supply Depot  
  100  7:07  SCV x3  
  103  7:11  Marauder, Marine  
  103  7:12  Widow Mine  
  103  7:13  Marine  
  109  7:24  Marine  
  109  7:25  Medivac x2, SCV, Widow Mine  
  109  7:29  Marine  
  117  7:46  Marine x2  
  117  7:49  Marine x2  
  117  7:51  Widow Mine x2  
  119  7:55  Medivac  
  115  7:59  Barracks Reactor  
  115  8:00  Barracks Tech Lab  
  115  8:04  Marine  
  115  8:05  Marauder  
  118  8:06  Terran Infantry Armor Level 1, Refinery  
  118  8:07  Refinery, Marine  
  118  8:08  Marauder  
  118  8:10  Command Center  
  121  8:15  Widow Mine x2  
  125  8:22  Marine  
  125  8:23  SCV x3  
  125  8:25  Marine  
  125  8:26  Marauder, Missile Turret  
  132  8:29  Marine, Bunker  
  132  8:33  Supply Depot  
  133  8:34  Supply Depot  
  133  8:36  Supply Depot  
  133  8:44  Starport  
  133  8:50  Engineering Bay  
  133  8:51  Armory  
  133  8:54  Marine x4, Viking  
  133  8:55  Marauder, Ghost Academy  
  141  8:56  Marauder, Viking  
  141  9:00  Marine  
  146  9:03  Supply Depot  
  146  9:04  SCV  
  146  9:05  SCV  
  146  9:06  SCV  
  149  9:12  Marine x4  
  149  9:16  SCV, Marauder  
  156  9:18  Barracks  
  156  9:19  Barracks  
  156  9:22  Barracks, Marauder x2  
  156  9:23  SCV  
  158  9:24  Viking  
  158  9:30  Marine x3  
  138  9:37  Marauder  
  112  9:38  Marine  
  112  9:41  Viking  
  112  9:42  Marine, Viking  
  112  9:43  Marauder  
  108  9:47  Marine x3  
  107  9:55  Sensor Tower  
  107  9:56  Marine  
  107  9:59  Marauder  
  110  10:00  Marine  
  110  10:04  Marauder  
  110  10:05  Marine x3  
  116  10:09  Barracks Tech Lab x2  
  116  10:10  Barracks Tech Lab  
  116  10:13  Terran Infantry Armor Level 2, Terran Infantry Weapons Level 2  
  116  10:14  Marine  
  116  10:16  Terran Ship Weapons Level 1  
  116  10:19  Marauder, Enhanced Shockwaves  
  116  10:20  Marauder  
  100  10:36  Marine x3  
  100  10:37  Marauder  
  100  10:38  Marine  
  100  10:40  Marauder  
  103  10:44  Marine  
  103  10:45  Viking  
  106  10:54  Marine x3  
  109  10:57  Marine  
  109  10:58  Marauder  
  109  11:01  Marauder  
  109  11:02  Marauder  
  109  11:03  Viking  
  118  11:12  Marine x4  
  118  11:15  Marine  
  123  11:19  SCV x2  
  123  11:20  Marauder  
  123  11:21  SCV  
  123  11:22  Planetary Fortress, Marine  
  123  11:23  Marine  
  130  11:26  Medivac x2  
  130  11:27  Medivac  
  130  11:29  Marine  
  130  11:30  Marine  
  138  11:35  Medivac, Ghost  
  138  11:39  SCV x2  
  144  11:40  SCV, Ghost  
  144  11:43  Marine  
  148  11:48  Marine x2  
  148  11:49  Ghost, Marine  
  148  11:51  SCV  
  148  11:52  SCV x2  
  156  12:01  Command Center  
  156  12:06  Medivac x2  
  160  12:11  Missile Turret  
  160  12:12  Missile Turret  
  160  12:15  Ghost  
  160  12:16  Missile Turret  
  162  12:25  Marine x2  
  162  12:26  Marauder  
  166  12:37  Marine  
  166  12:38  Marauder, Marine x2  
  166  12:39  Marauder x2  
  166  12:40  Medivac  
  166  12:43  Marine  
  178  12:44  Marauder  
  180  12:52  Ghost, Marine  
  180  12:56  Ghost, Supply Depot  
  180  12:57  Terran Infantry Weapons Level 3  
  175  12:58  Supply Depot  
  175  12:59  Terran Infantry Armor Level 3  
  175  13:00  Marauder  
  175  13:01  Supply Depot  
  175  13:03  Terran Ship Weapons Level 2  
  177  13:07  Personal Cloaking  
  177  13:10  Medivac  
  162  13:25  Marine x2  
  162  13:26  Marauder  
  132  13:27  Marine x3  
  132  13:28  Marauder x2, Marine  
  131  13:35  Refinery  
  131  13:36  Ghost  
  131  13:37  Refinery  
  135  13:44  Viking x2  
  135  13:47  Marine x2  
  100  14:37  Marine x2  
  88  14:41  Marine x2  
  88  14:42  Marauder x2, Marine x3  
  88  14:43  Marauder  
  89  14:53  SCV x3  
  89  14:54  SCV  
  89  14:55  Marine x2  
  89  14:59  Marine x2  
  97  15:00  Marauder x3  
  97  15:03  Marine x2  
  97  15:04  Marauder  
  97  15:05  SCV  
  108  15:12  Marine  
  108  15:13  Marine  
  110  15:16  Command Center  
  110  15:17  Marine x2  
  110  15:21  Marine x3  
  112  15:22  Marauder  
  112  15:25  Marine  
  112  15:26  Marine  
  119  15:30  Marine  
  119  15:31  Marine  
  119  15:35  Terran Ship Weapons Level 3  
  121  15:39  Marauder x2, Ghost  
  127  15:43  Starport  
  127  15:45  Fusion Core  
  127  15:47  Liberator x3  
  136  15:50  Liberator  
  139  15:57  Marine  
  139  15:58  Marauder  
  139  15:59  Marauder  
  139  16:00  Ghost  
  139  16:01  Marauder  
  148  16:07  Neosteel Armor, Hi-Sec Auto Tracking  
  148  16:09  Nuke  
  148  16:11  Marauder x2  
  152  16:14  Planetary Fortress  
  152  16:17  Missile Turret  
  152  16:21  Missile Turret  
  152  16:26  Sensor Tower  
  152  16:30  Missile Turret  
  152  16:34  Refinery  
  152  16:35  Ghost  
  152  16:36  Refinery, Marine  
  152  16:37  Marauder  
  157  16:41  SCV  
  158  16:53  Orbital Command  
  158  16:57  Medivac x2  
  158  16:58  Medivac x2  
  166  17:05  Starport Reactor  
  166  17:10  Ghost x2  
  166  17:11  Marauder x2  
  174  17:19  Marauder x2  
  178  17:27  Liberator x2  
  178  17:28  Marine x2  
  186  17:31  Command Center  
  186  17:36  Marauder  
  188  17:39  Liberator x2  
  194  17:58  Advanced Ballistics  
  194  17:59  Ghost  
  194  18:00  Marauder  
  194  18:01  Marauder  
  197  18:09  Liberator  
  197  18:10  Marine  
  200  18:44  Orbital Command  
  200  18:52  Command Center  
  200  18:56  Missile Turret  
  200  18:59  Command Center  
  196  19:02  Missile Turret  
  169  19:12  Marauder, Marine x2  
  148  19:21  Marine  
  148  19:22  Liberator x2, Marauder  
  148  19:23  Liberator x3  
  145  19:26  Marine  
  145  19:27  Marine  
  100  19:53  Liberator  
  100  19:59  Marauder  
  104  20:01  Ghost x2  
  104  20:02  Ghost x2, Marine x5  
  104  20:05  Liberator  
  106  20:19  Marine x2  
  106  20:20  Ghost x2, Marine x2  
  114  20:30  Ghost, Marine x2  
  114  20:31  Marine  
  118  20:37  Marine x3  
  118  20:38  Orbital Command, Marine  
  113  20:55  Medivac x2  
  113  20:56  Viking  
  113  20:57  Liberator, Viking x2  
  121  21:00  Rapid Reignition System  
  121  21:02  Marine x2  
  121  21:03  Marauder, Marine  
  131  21:06  Marine  
  132  21:30  Ghost x2, Marine x2  
  132  21:31  Marauder x4, Marine  
  147  21:38  Marine  
  148  21:43  Medivac  
  150  21:48  Medivac  
  150  21:52  Marauder  
  142  22:04  Marauder  
Show
View Real Time Build Order
Export as new Build Order

Kantara Protoss - Winner!

Build Orders: 1 Gate Expand, Phoenix Opening, Carriers, Colossus Rush 

Get SALT Encoding   

  12  0:00  Probe  
  13  0:12  Probe  
  14  0:25  Pylon, Probe  
  15  0:44  Gateway  
  15  0:45  Probe (Chrono Boost)  
  15  0:49  Probe (Chrono Boost)  
  16  0:52  Assimilator  
  17  1:00  Probe  
  18  1:12  Probe  
  19  1:24  Probe  
  20  1:30  Nexus  
  20  1:37  Probe  
  20  1:38  Cybernetics Core  
  21  1:44  Assimilator  
  21  1:49  Probe  
  22  2:00  Pylon  
  22  2:01  Probe (Chrono Boost)  
  23  2:17  Probe (Chrono Boost)  
  23  2:19  Adept (Chrono Boost)  
  23  2:22  Probe (Chrono Boost)  
  25  2:24  Shield Battery  
  25  2:29  Warp Gate  
  26  2:33  Probe  
  27  2:38  Stargate  
  26  2:54  Probe (Chrono Boost)  
  26  2:57  Probe (Chrono Boost)  
  26  2:58  Sentry  
  31  3:06  Probe (Chrono Boost)  
  31  3:10  Assimilator, Probe (Chrono Boost)  
  31  3:11  Probe (Chrono Boost)  
  33  3:18  Probe  
  34  3:20  Probe  
  34  3:21  Phoenix  
  34  3:26  Pylon  
  37  3:32  Probe (Chrono Boost), Adept  
  37  3:33  Probe (Chrono Boost)  
  41  3:44  Probe (Chrono Boost)  
  41  3:47  Probe (Chrono Boost), Robotics Facility  
  43  3:49  Probe (Chrono Boost)  
  43  3:51  Phoenix  
  43  3:54  Probe  
  47  3:59  Probe  
  48  4:06  Assimilator, Probe  
  49  4:11  Probe  
  50  4:19  Probe  
  50  4:20  Pylon  
  50  4:21  Phoenix  
  50  4:23  Probe  
  54  4:38  Probe x2  
  56  4:41  Observer  
  57  4:46  Pylon  
  57  4:48  Phoenix (Chrono Boost), Robotics Bay  
  57  4:50  Probe x2  
  61  5:02  Probe  
  61  5:04  Probe  
  61  5:05  Observer  
  64  5:14  Nexus  
  64  5:15  Probe  
  64  5:16  Probe  
  66  5:27  Probe  
  66  5:28  Probe, Pylon  
  68  5:32  Shield Battery  
  68  5:37  Phoenix  
  68  5:41  Twilight Council  
  70  5:46  Pylon, Probe x2, Colossus  
  78  5:53  Gateway x2  
  78  5:54  Extended Thermal Lance  
  78  6:07  Probe x2  
  80  6:12  Pylon  
  80  6:18  Zealot  
  82  6:19  Probe x2  
  82  6:21  Charge (Chrono Boost), Shield Battery  
  82  6:24  Pylon  
  84  6:28  Forge  
  84  6:30  Pylon  
  84  6:31  Probe  
  85  6:49  Colossus (Chrono Boost)  
  85  6:51  Zealot x3  
  97  6:56  Pylon  
  97  6:58  Protoss Ground Weapons Level 1 (Chrono Boost), Gateway x2  
  97  6:59  Pylon  
  97  7:03  Observer  
  97  7:08  Assimilator  
  97  7:10  Assimilator  
  97  7:11  Gateway  
  97  7:17  Gateway  
  97  7:19  Pylon  
  97  7:27  Colossus (Chrono Boost)  
  103  7:32  Zealot x2  
  103  7:33  Zealot  
  95  7:49  Observer  
  87  7:56  Zealot x3  
  87  7:57  Zealot x2  
  97  8:01  Probe x2  
  99  8:13  Probe, Nexus  
  99  8:14  Probe  
  99  8:15  Pylon  
  101  8:23  Observer  
  101  8:24  Probe  
  101  8:25  Probe  
  101  8:26  Probe  
  104  8:28  Stargate  
  104  8:33  Templar Archives  
  104  8:36  Probe (Chrono Boost)  
  104  8:37  Probe (Chrono Boost)  
  104  8:39  Probe (Chrono Boost)  
  104  8:40  Observer  
  107  8:42  Colossus  
  107  8:47  Probe (Chrono Boost)  
  107  8:48  Probe x2 (Chrono Boost)  
  116  8:52  Probe x2 (Chrono Boost)  
  116  8:53  Probe (Chrono Boost)  
  119  8:56  Forge  
  119  9:02  Probe  
  120  9:04  Protoss Ground Weapons Level 2 (Chrono Boost)  
  120  9:09  Zealot  
  122  9:10  Zealot x5  
  102  9:39  Zealot  
  102  9:40  Zealot x6  
  102  9:44  Observer  
  116  9:58  Gateway  
  116  9:59  Gateway  
  117  10:00  Gateway, Probe x4  
  117  10:03  Gateway  
  98  10:39  Protoss Ground Armor Level 1 (Chrono Boost)  
  98  10:40  High Templar x6  
  98  10:41  High Templar  
  92  10:43  Void Ray  
  92  10:46  Archon x3  
  92  10:48  Colossus (Chrono Boost)  
  102  10:58  Zealot x2  
  102  10:59  Zealot x2  
  110  11:05  Shield Battery  
  110  11:11  Assimilator  
  110  11:16  Assimilator  
  110  11:17  Robotics Facility  
  110  11:19  Pylon  
  110  11:23  Protoss Air Weapons Level 1  
  110  11:25  Zealot x8  
  120  11:26  Zealot x2  
  120  11:29  Psionic Storm  
  120  11:32  Phoenix x2  
  138  11:33  Protoss Ground Weapons Level 3 (Chrono Boost)  
  138  11:34  Colossus (Chrono Boost)  
  140  11:41  Probe x4  
  140  11:45  Gateway  
  140  11:46  Gateway  
  144  11:55  Fleet Beacon  
  144  11:57  Phoenix x2  
  144  11:58  High Templar, Pylon  
  144  11:59  High Templar, Observer  
  152  12:02  Observer  
  152  12:05  Colossus (Chrono Boost)  
  158  12:36  Nexus  
  158  12:39  High Templar  
  158  12:40  High Templar x2  
  158  12:41  High Templar  
  166  12:46  Archon x2  
  166  12:56  Colossus  
  166  12:57  Colossus  
  178  13:02  Anion Pulse-Crystals  
  184  13:06  Phoenix x2  
  166  13:30  Protoss Ground Armor Level 2 (Chrono Boost)  
  166  13:31  Phoenix  
  168  13:35  Protoss Air Weapons Level 2 (Chrono Boost)  
  168  13:36  Pylon  
  168  13:38  Pylon  
  168  13:50  Colossus  
  168  13:53  Photon Cannon  
  168  13:54  Photon Cannon  
  168  13:55  Photon Cannon  
  174  13:56  Pylon  
  174  13:57  Pylon  
  174  14:01  Carrier x2  
  110  14:41  Colossus  
  110  14:44  High Templar x3, Colossus  
  110  14:45  High Templar, Protoss Shields Level 1 (Chrono Boost)  
  130  14:55  Cybernetics Core  
  130  14:59  Stargate  
  130  15:01  Zealot x9  
  130  15:05  Assimilator, Carrier x2  
  160  15:10  Assimilator  
  160  15:26  Zealot x9  
  178  15:35  Probe x3  
  180  15:36  Probe  
  182  15:55  Protoss Air Armor Level 1 (Chrono Boost)  
  188  15:59  Protoss Ground Armor Level 3 (Chrono Boost), Protoss Air Weapons Level 3 (Chrono Boost), Dark Shrine  
  188  16:00  Carrier (Chrono Boost)  
  188  16:02  Observer x2  
  196  16:16  Carrier (Chrono Boost)  
  196  16:20  Nexus  
  196  16:25  Observer  
  196  16:35  Carrier (Chrono Boost)  
  196  17:08  Shadow Stride (Chrono Boost)  
  196  17:14  Dark Templar x2  
  200  17:23  Pylon  
  200  17:27  Photon Cannon  
  200  17:28  Photon Cannon, Stargate x2  
  200  17:29  Photon Cannon, Stargate  
  200  17:31  Photon Cannon  
  200  17:39  Assimilator  
  200  17:41  Assimilator  
  198  17:45  Pylon  
  198  17:48  Pylon  
  196  18:02  Protoss Shields Level 2 (Chrono Boost)  
  196  18:12  Protoss Air Armor Level 2 (Chrono Boost)  
  192  18:23  Carrier x2  
  190  18:29  Dark Templar x5  
  196  18:40  Dark Templar x4  
  157  19:41  Carrier x4  
  179  19:52  Carrier  
  179  19:56  High Templar  
  179  20:07  Zealot x10  
  199  20:24  Pylon  
  199  20:26  Pylon  
  199  20:28  Pylon  
  193  20:37  High Templar x2  
  177  21:10  Pylon x2  
  177  21:11  Pylon, Carrier x2 (Chrono Boost)  
  177  21:14  Pylon  
  195  21:21  Carrier (Chrono Boost)  
  195  21:34  Photon Cannon  
  195  21:36  Photon Cannon  
  195  21:39  Photon Cannon x2  
  195  21:40  Photon Cannon  
  195  21:41  Photon Cannon  
  195  21:42  Photon Cannon  
  195  21:53  Photon Cannon  
  195  21:54  Photon Cannon  
  195  21:55  Photon Cannon x2  
  195  21:57  Photon Cannon  
  160  22:38  High Templar x8  
  158  22:45  Dark Templar x3  
Tags
 
Add a new tag
Caveats
  • Supply blocks, unpowered buildings, or Contaminate may cause inaccurate times.
  • Supply counts are checked every 10 seconds.